 Dungeon Crawl Stone Soup version 0.24-a0-217-g1152973 (webtiles) character file.

Game seed: 6743490352854824409

12 Hasart the Firebug (level 2, 0/15 HPs)
             Began as a Deep Elf Fire Elementalist on Mar 28, 2019.
             Slain by a jackal (2 damage)
             ... on level 1 of the Dungeon on Mar 29, 2019.
             The game lasted 00:02:02 (107 turns).

Hasart the Firebug (Deep Elf Fire Elementalist)      Turns: 107, Time: 00:02:03

Health: 0/15       AC:  2    Str:  5    XL:     2   Next: 20%
Magic:  0/8        EV: 13    Int: 19    God:
Gold:   42         SH:  0    Dex: 15    Spells: 6/7 levels left

rFire    . . .     SeeInvis .   (no weapon)
rCold    . . .     Gourm    .   (no shield)
rNeg     . . .     Faith    .   a - +0 robe
rPois    .         Spirit   .   (no helmet)
rElec    .         Reflect  .   (no cloak)
rCorr    .         Harm     .   (no gloves)
MR       .....                  (no boots)
Stlth    ++........             (no amulet)
HPRegen  0.05/turn              (no ring)
MPRegen  0.11/turn              (no ring)

@: no status effects
A: no striking features
a: no special abilities


You were on level 1 of the Dungeon.
You were not hungry.

You visited 1 branch of the dungeon, and saw 1 of its levels.

You collected 42 gold pieces.

Inventory:

Armour
 a - a +0 robe (worn)
Scrolls
 b - a scroll of immolation {unknown}
Potions
 d - a potion of degeneration {unknown}
Comestibles
 c - a ration


   Skills:
 + Level 2.6 Dodging
 - Level 2.4 Stealth
 + Level 3.2 Spellcasting
 * Level 1.7 Conjurations
 * Level 3.5 Fire Magic


You had 6 spell levels left.
You knew the following spells:

 Your Spells              Type           Power        Failure   Level  Hunger
a - Flame Tongue          Conj/Fire      ##...        4%          1    None

Your spell library contained the following spells:

 Spells                   Type           Power        Failure   Level  Hunger
 Throw Flame              Conj/Fire      ##....       8%          2    ##.....
 Conjure Flame            Conj/Fire      ##......     16%         3    ###....
 Inner Flame              Hex/Fire       #.......     22%         3    ###....
 Sticky Flame             Conj/Fire      ##......     45%         4    ####...
 Fireball                 Conj/Fire      ##........   80%         5    ######.


Dungeon Overview and Level Annotations

Branches:
Dungeon (1/15)

Altars:


Message History

Confirm with . or Enter, or press ? or * to list all spells.
Aiming: Flame Tongue (safe; 4% risk of failure)
Press: ? - help, Shift-Dir - straight line, f/p - jackal
Aim: a jackal The flame tongue misses the jackal.
The flame tongue misses the kobold.
The jackal bites you.
* * * LOW HITPOINT WARNING * * *
The jackal bites you.
* * * LOW HITPOINT WARNING * * *
The jackal barely misses you.
Casting: Flame Tongue (safe; 4% risk of failure)
Confirm with . or Enter, or press ? or * to list all spells.
Aiming: Flame Tongue (safe; 4% risk of failure)
Press: ? - help, Shift-Dir - straight line, f/p - jackal
Aim: a jackal The flame tongue misses the jackal.
The jackal barely misses you. The jackal bites you.
* * * LOW HITPOINT WARNING * * *
The jackal bites you.
You die...

##### ##...######
##.###.#...# #######.##
##..#.# ##### #.......#
#.g.g#######.... ........##
##K#...g......(..
#.######.###h.##########....
#...@...............>
#.###..#.....#.#...g.
#.###..#.###.##..#.#.
#..........#.###.....
#..#.#.#.#.#.##......
#..#.###.#...#.......
#.....#..............
#....###...##.#...#.. #..###
###.##.#......


You could see a jackal, a goblin and a kobold.

Vanquished Creatures
  An ooze (D:1)
  A leopard gecko (D:1)
  3 jackals (D:1)
  A bat (D:1)
  A rat (D:1)
7 creatures vanquished.

Notes
Turn   | Place    | Note
-------+----------+-------------------------------------------
     0 | D:1      | Hasart the Deep Elf Fire Elementalist began the quest for
                  | the Orb.
     0 | D:1      | Reached XP level 1. HP: 10/10 MP: 6/6
     0 | D:1      | Upgraded the game from 0.24-a0-203-gf0bc1e9 to
                  | 0.24-a0-205-g1d96822
     0 | D:1      | Upgraded the game from 0.24-a0-205-g1d96822 to
                  | 0.24-a0-217-g1152973
    77 | D:1      | Reached XP level 2. HP: 9/15 MP: 4/8
   107 | D:1      | Slain by a jackal

Levels and vault maps discovered:
D:1:      onia_arrival_handbag, layout_loops_ring

Action                   || total
-------------------------++-------
 Cast: Flame Tongue      ||    14
Dodge: Dodged            ||    14

Table legend:
 A = Non-vault XP
 B = Vault XP
 C = Vault XP percentage of total XP
 D = Non-vault monster count
 E = Vault monster count
 F = Vault count percentage of total count
                 A         B        C        D         E       F
            +---------+---------+-------+---------+---------+-------
      Total |      10 |       8 |  44.4 |       5 |       2 |  28.6
            +---------+---------+-------+---------+---------+-------
        D:1 |      10 |       8 |  44.4 |       5 |       2 |  28.6
            +---------+---------+-------+---------+---------+-------
